 Dungeon Crawl Stone Soup version 0.28.0 (webtiles) character file.

Game seed: 7648890511876368305

144 Ablot the Grasshopper (level 5, -3/43 HPs)
             Began as a Gnoll Warper on Feb 17, 2022.
             Killed from afar by a white imp (8 damage)
             ... with a puff of frost
             ... summoned by Natasha
             ... on level 4 of the Dungeon.
             The game lasted 00:04:50 (3833 turns).

Ablot the Grasshopper (Gnoll Warper)                Turns: 3833, Time: 00:04:51

Health: -3/43      AC:  5    Str: 13    XL:     5   Next: 26%
Magic:  10/12      EV: 12    Int: 12    God:
Gold:   100        SH:  0    Dex: 11    Spells: 12/14 levels left

rFire   . . .      SeeInvis .   a - +0 spear
rCold   . . .      Faith    .   (no shield)
rNeg    + . .      Spirit   .   b - +0 leather armour
rPois   .          Reflect  .   x - +0 helmet
rElec   .          Harm     .   u - +0 cloak
rCorr   .          Rampage  .   (no gloves)
Will    .....                   (no boots)
Stlth   +.........              f - amulet of magic regeneration
HPRegen 0.14/turn               j - ring of positive energy
MPRegen 0.53/turn               t - ring of flight

@: on blink cooldown, flying
A: fangs 1, strong nose, distributed training
a: no special abilities


You were on level 4 of the Dungeon.
You visited 1 branch of the dungeon, and saw 4 of its levels.

You collected 100 gold pieces.

Inventory:

Hand Weapons
 a - a +0 spear (weapon)
Missiles
 d - 5 boomerangs of dispersal
 h - 57 sling bullets
 k - 25 arrows
 n - 36 bolts
 p - 79 stones
 r - 6 poisoned darts (quivered)
 w - 3 boomerangs
Armour
 b - a +0 leather armour (worn)
 u - a +0 cloak (worn)
 x - a +0 helmet (worn)
Jewellery
 f - an amulet of magic regeneration (around neck)
 j - a ring of positive energy (left hand)
 t - a ring of flight (right hand)
Scrolls
 c - a scroll of blinking
 l - a scroll of brand weapon {unknown}
 m - a scroll of identify {unknown}
 o - a scroll of fear {unknown}
 q - a scroll of fog {unknown}
 v - a scroll of immolation {unknown}
Potions
 e - 4 potions of curing {unknown}
 g - a potion of degeneration {unknown}
 i - a potion of mutation {unknown}
 s - a potion of ambrosia {unknown}


   Skills:
 + Level 4.7 Fighting
 + Level 1.4 Short Blades
 + Level 1.4 Long Blades
 + Level 1.4 Axes
 + Level 1.4 Maces & Flails
 + Level 4.7 Polearms
 + Level 1.4 Staves
 + Level 1.4 Slings
 + Level 1.4 Bows
 + Level 1.4 Crossbows
 + Level 2.9 Throwing
 + Level 2.9 Armour
 + Level 4.7 Dodging
 + Level 1.4 Stealth
 + Level 1.4 Shields
 + Level 1.4 Unarmed Combat
 + Level 5.2 Spellcasting
 + Level 1.1 Conjurations
 + Level 1.1 Hexes
 + Level 1.1 Summonings
 + Level 1.1 Necromancy
 + Level 5.5 Translocations
 + Level 1.1 Transmutations
 + Level 1.1 Fire Magic
 + Level 1.1 Ice Magic
 + Level 1.1 Air Magic
 + Level 1.1 Earth Magic
 + Level 1.1 Poison Magic
 + Level 1.6 Invocations
 + Level 1.4 Evocations


You had 12 spell levels left.
You knew the following spells:

 Your Spells              Type           Power      Damage    Failure   Level
a - Blink                 Tloc           32%        N/A       3%          2

Your spell library contained the following spells:

 Spells                   Type           Power      Damage    Failure   Level
 Gell's Gravitas          Tloc           16%        N/A       8%          3
 Lesser Beckoning         Tloc           16%        N/A       8%          3
 Teleport Other           Tloc           16%        N/A       8%          3
 Foxfire                  Conj/Fire      20%        2x1d5     16%         1
 Magic Dart               Conj           20%        1d4       16%         1
 Sandblast                Erth           10%        2d5       16%         1
 Summon Small Mammal      Summ           20%        N/A       16%         1
 Ensorcelled Hibernation  Hex/Ice        10%        N/A       24%         2
 Passwall                 Tmut/Erth      4%         N/A       24%         2
 Searing Ray              Conj           10%        2d4       24%         2
 Static Discharge         Conj/Air       5%         N/A       24%         2
 Sublimation of Blood     Necr           5%         N/A       24%         2
 Call Canine Familiar     Summ           5%         N/A       43%         3
 Conjure Flame            Conj/Fire      5%         6-21      43%         3
 Inner Flame              Hex/Fire       5%         N/A       43%         3
 Spider Form              Tmut/Pois      5%         N/A       43%         3
 Stone Arrow              Conj/Erth      10%        3d7       43%         3
 Summon Guardian Golem    Hex/Summ       5%         N/A       43%         3
 Manifold Assault         Tloc           16%        N/A       56%         5
 Anguish                  Hex/Necr       2%         N/A       83%         4
 Dispel Undead            Necr           5%         3d7       83%         4
 Flame Wave               Conj/Fire      5%         2d5       83%         4
 Fulminant Prism          Conj/Hex       2%         3d6       83%         4
 Petrify                  Tmut/Erth      5%         N/A       83%         4
 Sticky Flame             Conj/Fire      5%         2d3       83%         4
 Irradiate                Conj/Tmut      2%         3d14      99%         5


Dungeon Overview and Level Annotations

Branches:
Dungeon (4/15)
 Temple: D:4-7

Altars:

Annotations:
D:4 3 runed translucent doors, exclusion: 3 doors, Natasha; Zeus21348's ghost, amateur HOMo


Innate Abilities, Weirdness & Mutations

You have very sharp teeth.
Your uncanny sense of smell can sniff out nearby items.
Your experience applies equally to all skills.


Message History

You closely miss Natasha.
Natasha is almost dead.
Natasha closely misses you.
You closely miss Natasha. Your bite misses Natasha.
Natasha is almost dead.
The white imp hits you. The white imp freezes you. Natasha claws you.
You are too injured to fight recklessly!
You are too injured to fight recklessly!
You are too injured to fight recklessly!
You are too injured to fight recklessly!
You are too injured to fight recklessly!
You are too injured to fight recklessly!
You are too injured to fight recklessly!
You are too injured to fight recklessly!
You are too injured to fight recklessly!
You are too injured to fight recklessly!
You barely miss Natasha.
Natasha is almost dead.
The white imp closely misses you.
Natasha drinks a potion.
Natasha is healed!
You hit Natasha.
Natasha is lightly wounded.
The white imp misses you. Natasha misses you.
You hit Natasha.
Natasha is heavily wounded.
Natasha closely misses you. The white imp hits you. The white imp freezes you.
* * * LOW HITPOINT WARNING * * *
Unknown command.
You hit Natasha.
Natasha is almost dead.
The white imp hits you.
* * * LOW HITPOINT WARNING * * *
The white imp freezes you.
* * * LOW HITPOINT WARNING * * *
Natasha barely misses you.
Casting: Blink (safe; 3% risk of failure)
Confirm with . or Enter, or press ? or * to list all spells.
You blink.
The white imp gestures at you. The puff of frost hits you!
You die...

.##################
.................#####
.......h§...........#
#.....5....##.######
####..........##>#
..............##.#######
.......@...............#
..............###.######
##...........## #.#
####<.......## #.#
#..........# #.# ###
#..........# #.###.#
##..........###.##..#
.......<....##......##
........)...#........#


You could see Natasha and a white imp (summoned).

Vanquished Creatures
  An orc priest (D:3)
  An orc wizard (D:3)
  4 adders
  A worm (D:2)
  A dart slug (D:2)
  An orc (D:4)
  5 bats
  4 endoplasms
  2 giant cockroaches
  A goblin (D:1)
  A hobgoblin (D:2)
  7 jackals
  6 kobolds
  2 quokkas (D:3)
  4 ball pythons
  3 frilled lizards (D:1)
  4 rats
48 creatures vanquished.

Vanquished Creatures (others)
  2 fungi (D:4)
  3 plants
5 creatures vanquished.

Grand Total: 53 creatures vanquished

Notes
Turn   | Place    | Note
-------+----------+-------------------------------------------
     0 | D:1      | Ablot the Gnoll Warper began the quest for the Orb.
     0 | D:1      | Reached XP level 1. HP: 20/20 MP: 6/6
   338 | D:1      | Reached XP level 2. HP: 22/26 MP: 7/7
   353 | D:1      | Learned a level 2 spell: Blink
   836 | D:1      | Found a faded altar of an unknown god.
  1296 | D:2      | Reached skill level 5 in Spellcasting
  1296 | D:2      | Reached XP level 3. HP: 20/31 MP: 7/9
  1777 | D:2      | Reached skill level 1 in Invocations
  2151 | D:2      | Reached skill level 1 in Short Blades
  2151 | D:2      | Reached skill level 1 in Long Blades
  2151 | D:2      | Reached skill level 1 in Axes
  2151 | D:2      | Reached skill level 1 in Maces & Flails
  2151 | D:2      | Reached skill level 1 in Staves
  2151 | D:2      | Reached skill level 1 in Slings
  2151 | D:2      | Reached skill level 1 in Bows
  2151 | D:2      | Reached skill level 1 in Crossbows
  2151 | D:2      | Reached skill level 1 in Stealth
  2151 | D:2      | Reached skill level 1 in Shields
  2151 | D:2      | Reached skill level 1 in Unarmed Combat
  2151 | D:2      | Reached skill level 1 in Evocations
  2685 | D:2      | Reached XP level 4. HP: 7/38 MP: 11/11
  3606 | D:4      | Noticed a kobold brigand
  3606 | D:4      | Found a runed translucent gate.
  3606 | D:4      | Found a runed translucent gate.
  3606 | D:4      | Found a runed translucent gate.
  3607 | D:4      | Noticed Zeus21348's ghost (amateur HOMo)
  3637 | D:3      | Reached skill level 1 in Conjurations
  3637 | D:3      | Reached skill level 1 in Hexes
  3637 | D:3      | Reached skill level 1 in Summonings
  3637 | D:3      | Reached skill level 1 in Necromancy
  3637 | D:3      | Reached skill level 1 in Transmutations
  3637 | D:3      | Reached skill level 1 in Fire Magic
  3637 | D:3      | Reached skill level 1 in Ice Magic
  3637 | D:3      | Reached skill level 1 in Air Magic
  3637 | D:3      | Reached skill level 1 in Earth Magic
  3637 | D:3      | Reached skill level 1 in Poison Magic
  3761 | D:3      | Reached XP level 5. HP: 42/43 MP: 12/12
  3813 | D:4      | Noticed Natasha
  3833 | D:4      | Killed from afar by a white imp

Illustrated notes

Levels and vault maps discovered:
D:1:      ncdulo_smallfort, layout_basic, shapermc_ecumenical_altar_gd
D:2:      layout_basic, minmay_misc_feat_doors
D:3:      layout_basic
D:4:      layout_rooms, minmay_temple_entry_glass,
          gammafunk_ghost_nasty_kobolds, uniq_eustachio, uniq_natasha,
          uniq_sigmund

Skill      XL: |  1  2  3  4 |
---------------+-------------+-----
Spellcasting   | 5 |  5.2
Invocations    | 1 |  1.6
Short Blades   | 1 |  1.4
Long Blades    | 1 |  1.4
Axes           | 1 |  1.4
Maces & Flails | 1 |  1.4
Staves         | 1 |  1.4
Slings         | 1 |  1.4
Bows           | 1 |  1.4
Crossbows      | 1 |  1.4
Stealth        | 1 |  1.4
Shields        | 1 |  1.4
Unarmed Combat | 1 |  1.4
Evocations     | 1 |  1.4
Conjurations   | 1 |  1.1
Hexes          | 1 |  1.1
Summonings     | 1 |  1.1
Necromancy     | 1 |  1.1
Transmutations | 1 |  1.1
Fire Magic     | 1 |  1.1
Ice Magic      | 1 |  1.1
Air Magic      | 1 |  1.1
Earth Magic    | 1 |  1.1
Poison Magic   | 1 |  1.1
Fighting       | |  4.7
Polearms       | |  4.7
Throwing       | |  2.9
Armour         | |  2.9
Dodging        | |  4.7
Translocations | |  5.5

Action                   |  1- 3 |  4- 6 || total
-------------------------+-------+-------++-------
Melee: Spear             |   156 |    95 ||   251
       Bite              |     8 |     7 ||    15
       Punch             |     3 |     1 ||     4
 Cast: Blink             |       |     1 ||     1
 Stab: Sleeping          |     2 |     2 ||     4
Armor: Leather armour    |    36 |     9 ||    45
Dodge: Dodged            |    92 |    48 ||   140
